 Dungeon Crawl Stone Soup version 0.25-a0-292-gaa31f046c4 (webtiles) character file.

Game seed: 2435633772751525256, levelgen mode: deterministic

404091 MrRokkomies the Warrior (level 23, -3/188 HPs)
             Began as a Gnoll Wanderer on Dec 13, 2019.
             Was a High Priest of Sif Muna.
             Slain by a deep elf blademaster
             ... wielding a +0 short sword
              (17 damage)
             ... on level 3 of the Elven Halls on Dec 15, 2019.
             The game lasted 04:51:59 (63999 turns).

MrRokkomies the Warrior (Gnoll Wanderer)           Turns: 63999, Time: 04:52:00

Health: -3/188     AC: 24    Str: 18    XL:     23   Next: 36%
Magic:  11/41      EV: 22    Int: 24    God:    Sif Muna [*****.]
Gold:   3651       SH:  0    Dex: 15    Spells: 8/51 levels left

rFire    . . .     SeeInvis +   a - +9 lajatang (elec)
rCold    . . .     Gourm    .   (shield currently unavailable)
rNeg     + . .     Faith    .   O - +3 chain mail of Lapeng {rElec rPois rN+ rCorr Int+3}
rPois    +         Spirit   .   X - +1 helmet
rElec    +         Reflect  .   B - scarf {repulsion}
rCorr    +         Harm     .   U - +2 pair of gloves {archery}
MR       +....                  K - +0 pair of boots
Stlth    +++.......             d - amulet of regeneration
HPRegen  0.81/turn              D - +6 ring of evasion
MPRegen  0.27/turn              i - ring of see invisible

@: repel missiles
A: distributed training, fangs 1, strong nose
}: 2/15 runes: decaying, gossamer
a: Channel Magic, Forget Spell, Divine Exegesis, Renounce Religion


You were on level 3 of the Elven Halls.
You worshipped Sif Muna.
Sif Muna was extremely pleased with you.
You were not hungry.

You visited 9 branches of the dungeon, and saw 42 of its levels.
You also visited: Sewer, Gauntlet and Volcano.

You collected 5368 gold pieces.
You spent 1717 gold pieces at shops.

Inventory:

Hand Weapons
 a - a +9 lajatang of electrocution (weapon)
 b - a +2 longbow of flaming
Missiles
 c - a throwing net
 m - 16 curare-tipped darts (quivered)
 n - 1227 arrows
Armour
 B - a scarf of repulsion (worn)
 K - a +0 pair of boots (worn)
 O - the +3 chain mail of Lapeng (worn) {rElec rPois rN+ rCorr Int+3}
   (You found it on level 15 of the Dungeon)

   It affects your intelligence (+3).
   It insulates you from electricity.
   It protects you from poison.
   It protects you from negative energy.
   It provides partial protection from all sources of acid and corrosion.
 U - a +2 pair of gloves of archery (worn)
 X - a +1 helmet (worn)
Magical Staves
 w - an uncursed staff of wizardry
Jewellery
 d - an amulet of regeneration (around neck)
 i - a ring of see invisible (right hand)
 p - an uncursed ring of protection from fire
 u - an uncursed ring of ice
 y - an uncursed ring of protection from magic
 D - a +6 ring of evasion (left hand)
 I - the ring of Neqohere {rN+ Int+2}
   (You found it on level 3 of the Crypt)

   [ring of positive energy]

   It affects your intelligence (+2).
   It protects you from negative energy.
Wands
 e - a wand of paralysis (16)
 t - a wand of digging (10)
 x - a wand of enslavement (23)
 z - a wand of iceblast (29)
 L - a wand of acid (17)
 N - a wand of clouds (2)
Scrolls
 o - 5 scrolls of magic mapping
 r - 11 scrolls of remove curse
 s - 2 scrolls of teleportation
 G - 5 scrolls of enchant armour
 J - a scroll of immolation
 M - 10 scrolls of identify
 P - a scroll of holy word
 S - 5 scrolls of fog
 T - 3 scrolls of fear
Potions
 h - 6 potions of curing
 j - 3 potions of agility
 k - 3 potions of magic
 l - 2 potions of heal wounds
 v - a potion of invisibility
 A - 6 potions of berserk rage
 E - 4 potions of flight
 H - 5 potions of brilliance
 W - 2 potions of haste
 Z - 3 potions of ambrosia
Miscellaneous
 g - a fan of gales
 q - a phantom mirror
 C - a lamp of fire
 F - a sack of spiders
 Q - a lightning rod (4/4)
Comestibles
 f - 41 rations
 R - 2 chunks of flesh


   Skills:
 + Level 17.3 Fighting
 + Level 15.4 Short Blades
 + Level 14.9 Long Blades
 + Level 14.9 Axes
 + Level 14.9 Maces & Flails
 + Level 14.9 Polearms
 + Level 14.9 Staves
 + Level 14.9 Slings
 + Level 14.9 Bows
 + Level 14.9 Crossbows
 + Level 15.0 Throwing
 + Level 14.9 Armour
 + Level 14.9 Dodging
 + Level 15.0 Stealth
 + Level 14.9 Shields
 + Level 14.9 Unarmed Combat
 + Level 14.9 Spellcasting
 + Level 12.8 Conjurations
 + Level 12.8 Hexes
 + Level 12.8 Charms
 + Level 12.8 Summonings
 + Level 12.8 Necromancy
 + Level 12.8 Translocations
 + Level 12.8 Transmutations
 + Level 12.8 Fire Magic
 + Level 12.8 Ice Magic
 + Level 12.8 Air Magic
 + Level 12.8 Earth Magic
 + Level 12.8 Poison Magic
 + Level 16.0 Invocations
 + Level 15.0 Evocations


You had 8 spell levels left.
You knew the following spells:

 Your Spells              Type           Power        Failure   Level  Hunger
a - Poisonous Vapours     Pois/Air       ######       1%          2    None
b - Sticks to Snakes      Tmut           ######..     1%          2    None
c - Olgreb's Toxic Radia  Pois           ######..     1%          4    None
d - Ignite Poison         Fire/Tmut/Pois ######..     1%          3    None
e - Blink                 Tloc           N/A          1%          2    None
f - Regeneration          Chrm/Necr      ######....   1%          3    None
g - Borgnjor's Vile Clut  Necr/Erth      ######....   3%          5    ##.....
h - Airstrike             Air            ######....   1%          4    None
i - Bolt of Magma         Conj/Fire/Erth ######....   3%          5    ##.....
j - Summon Mana Viper     Hex/Summ       ######..     3%          5    ##.....
k - Confusing Touch       Hex            ######       1%          1    None
l - Passwall              Tmut/Erth      ######..     1%          2    None
m - Dispel Undead         Necr           ######..     3%          5    ##.....

Your spell library contained the following spells:

 Spells                   Type           Power        Failure   Level  Hunger
 Apportation              Tloc           ######       1%          1    None
 Beastly Appendage        Tmut           ######       1%          1    None
 Corona                   Hex            ######.      1%          1    None
 Foxfire                  Conj/Fire      ####         1%          1    None
 Freeze                   Ice            ####         1%          1    None
 Infusion                 Chrm           ####         1%          1    None
 Magic Dart               Conj           ####         1%          1    None
 Sandblast                Erth           ######       1%          1    None
 Shock                    Conj/Air       ####         1%          1    None
 Sting                    Tmut/Pois      ####         1%          1    None
 Summon Small Mammal      Summ           ####         1%          1    None
 Call Imp                 Summ           ######..     1%          2    None
 Corpse Rot               Necr/Air       N/A          1%          2    None
 Ensorcelled Hibernation  Hex/Ice        ######       1%          2    None
 Searing Ray              Conj           ######       1%          2    None
 Shroud of Golubria       Chrm/Tloc      ######       1%          2    None
 Slow                     Hex            ######..     1%          2    None
 Song of Slaying          Chrm           ######..     1%          2    None
 Sublimation of Blood     Necr           ######....   1%          2    None
 Swiftness                Chrm/Air       ######..     1%          2    None
 Call Canine Familiar     Summ           ######..     1%          3    None
 Confuse                  Hex            ######..     1%          3    None
 Conjure Flame            Conj/Fire      ######..     1%          3    None
 Dazzling Flash           Conj/Hex       ######       1%          3    None
 Gell's Gravitas          Tloc           ######....   1%          3    None
 Inner Flame              Hex/Fire       ######..     1%          3    None
 Lesser Beckoning         Tloc           ######....   1%          3    None
 Mephitic Cloud           Conj/Pois/Air  ######..     1%          3    None
 Ozocubu's Armour         Chrm/Ice       ######..     1%          3    None
 Portal Projectile        Hex/Tloc       ######       1%          3    None
 Recall                   Summ/Tloc      N/A          1%          3    None
 Spectral Weapon          Hex/Chrm       ######..     1%          3    None
 Spider Form              Tmut/Pois      ######....   1%          3    None
 Static Discharge         Conj/Air       ######..     1%          3    None
 Stone Arrow              Conj/Erth      ######       1%          3    None
 Summon Guardian Golem    Hex/Summ       ######..     1%          3    None
 Tukima's Dance           Hex            ######..     1%          3    None
 Cause Fear               Hex            ######....   1%          4    None
 Fulminant Prism          Conj/Hex       ######....   1%          4    None
 Hailstorm                Conj/Ice       ######..     1%          4    None
 Ice Form                 Ice/Tmut       ######..     1%          4    None
 Iskenderun's Mystic Bla  Conj/Tloc      ######..     1%          4    None
 Leda's Liquefaction      Hex/Erth       ######....   1%          4    None
 Petrify                  Tmut/Erth      ######..     1%          4    None
 Sticky Flame             Conj/Fire      ######..     1%          4    None
 Summon Ice Beast         Ice/Summ       ######..     1%          4    None
 Summon Lightning Spire   Summ/Air       ######..     1%          4    None
 Agony                    Necr           ######..     3%          5    ##.....
 Alistair's Intoxication  Tmut/Pois      ######..     3%          5    ##.....
 Aura of Abjuration       Summ           ######....   3%          5    ##.....
 Blade Hands              Tmut           ######....   3%          5    ##.....
 Excruciating Wounds      Chrm/Necr      ######....   3%          5    ##.....
 Fireball                 Conj/Fire      ######....   3%          5    ##.....
 Irradiate                Conj/Tmut      ######....   3%          5    ##.....
 Iskenderun's Battlesphe  Conj/Chrm      ######..     3%          5    ##.....
 Lightning Bolt           Conj/Air       ######....   3%          5    ##.....
 Metabolic Englaciation   Hex/Ice        ######....   3%          5    ##.....
 Silence                  Hex/Air        ######....   3%          5    ##.....
 Summon Demon             Summ           ######....   3%          5    ##.....
 Summon Forest            Summ/Tloc      ######....   3%          5    ##.....
 Yara's Violent Unravell  Hex/Tmut       ######....   3%          5    ##.....
 Conjure Ball Lightning   Conj/Air       ######....   16%         6    ####...
 Darkness                 Hex            ######....   16%         6    ####...
 Death Channel            Necr           ######....   16%         6    ####...
 Deflect Missiles         Chrm/Air       ######....   16%         6    ####...
 Dispersal                Tloc           ######....   16%         6    ####...
 Eringya's Noxious Bog    Tmut/Pois      ######....   16%         6    ####...
 Hydra Form               Tmut           ######....   16%         6    ####...
 Invisibility             Hex            ######..     16%         6    ####...
 Iron Shot                Conj/Erth      ######....   16%         6    ####...
 Ozocubu's Refrigeration  Ice            ######....   16%         6    ####...
 Shadow Creatures         Summ           N/A          16%         6    ####...
 Statue Form              Tmut/Erth      ######...    16%         6    ####...
 Dragon Form              Tmut           ######....   65%         7    ######.
 Haunt                    Necr/Summ      ######....   65%         7    ######.
 Malign Gateway           Summ/Tloc      ######....   65%         7    ######.
 Spellforged Servitor     Conj/Summ      ######....   65%         7    ######.
 Chain Lightning          Conj/Air       ######....   100%        8    #######
 Controlled Blink         Tloc           N/A          100%        8    #######
 Death's Door             Chrm/Necr      ######....   100%        8    #######
 Disjunction              Tloc           ######....   100%        8    #######
 Ignition                 Fire           ######....   100%        8    #######
 Lehudib's Crystal Spear  Conj/Erth      ######....   100%        8    #######
 Necromutation            Tmut/Necr      ######....   100%        8    #######
 Dragon's Call            Summ           ######....   100%        9    #######
 Glaciate                 Conj/Ice       ######....   100%        9    #######
 Shatter                  Erth           ######....   100%        9    #######
 Tornado                  Air            ######....   100%        9    #######


Dungeon Overview and Level Annotations

Branches:
Dungeon (15/15)            Temple (1/1) D:5            Lair (6/6) D:9
  Swamp (4/4) Lair:3       Spider (4/4) Lair:4        Slime (0/5) Lair:6
    Orc (2/2) D:9             Elf (3/3) Orc:2        Vaults (4/5) D:14
  Crypt (3/3) Vaults:2       Tomb (0/3) Crypt:3      Depths (0/5) D:15
  Sewer (visited)         Volcano (visited)         Gauntlet (visited)

Altars:
Ashenzari
Cheibriados
Dithmenos
Elyvilon
Fedhas
Gozag
Hepliaklqana
Kikubaaqudgha
Makhleb
Nemelex Xobeh
Okawaru
Qazlal
Ru
Sif Muna
Trog
Uskayaw
Vehumet
Wu Jian
Xom
Yredelemnul
Zin
The Shining One
Beogh
Jiyva

Shops:
D:5 =   D:6 !(:   D:8 (   D:9 =   D:13 (   Orc:1 =   Orc:2 %!*%

Annotations:
Lair:2 3 runed translucent doors, dvd2's ghost, journeyman TrCK
Lair:6 2 transporters, Culupred's ghost, journeyman DrTm
Vaults:1 3 runed translucent doors, Owio's ghost, adept MiGl; Zaor's ghost, adept GnSk
Vaults:3 8 runed translucent doors, Faustar's ghost, adept DrCj


Innate Abilities, Weirdness & Mutations

Your experience applies equally to all skills.
You have very sharp teeth.
Your uncanny sense of smell can sniff out nearby items.


Message History

The zombie hands constrict the deep elf blademaster!
The deep elf blademaster completely misses you.
The deep elf blademaster hits you but does no damage.
The deep elf blademaster completely misses you.
The deep elf blademaster hits you with a +0 short sword.
You hit the deep elf blademaster but do no damage.
The deep elf blademaster is lightly wounded.
The zombie hands constrict the deep elf blademaster.
The deep elf blademaster hits you with a +0 short sword! x2
* * * LOW HITPOINT WARNING * * *
You slice the deep elf blademaster!!
Lightning courses through the deep elf blademaster!
The deep elf blademaster is moderately wounded.
The zombie hands constrict the deep elf blademaster!
The deep elf blademaster hits you with a +0 short sword!!
* * * LOW HITPOINT WARNING * * *
The deep elf blademaster hits you with a +0 short sword!
* * * LOW HITPOINT WARNING * * *
The deep elf blademaster hits you with a +0 short sword!
You die...

***,,,* #.....,,,***,,*
**,,* #...e.,,,,***,*
*,,* *#....,*,,,****
#.∆* *#..e##*,,,* #..*
*#...##*,** ##..#
###..)##** ###...#
#.##...# #.....####
#..##)########
.#.......# #.#@e(......#
##.......##
#.#...(....##
#.........##
#.....)...##
...........#####......##
...........##...)).#.##
..........)))..)))####
...........##..)..#
..........#######.#
#.........# ###


You could see a deep elf blademaster (berserk).

Vanquished Creatures
  Mennas (Vaults:3)
  Sojobo (Vaults:3)
  the Lernaean hydra (Swamp:4)
  Nikola (Vaults:3)
  A bone dragon (Crypt:3)
  Rupert (D:15)
  A deep elf master archer (Elf:3)
  A deep elf blademaster (Elf:3)
  8 ancient champions
  4 sphinxes
  2 tengu reavers (Vaults:3)
  2 revenants
  Kirke (Lair:4)
  A storm dragon (Vaults:3)
  A fire giant (D:15)
  3 deep elf sorcerers
  Louise (D:14)
  3 ghost moths
  5 vault wardens
  An orc warlord (D:15)
  3 emperor scorpions (Spider:4)
  3 deep elf elementalists (Elf:3)
  A curse skull (Crypt:3)
  11 ghouls
  8 stone giants
  8 entropy weavers
  A very ugly thing (D:15)
  4 ironheart preservers
  A juggernaut skeleton (Crypt:2)
  5 caustic shrike skeletons (Crypt:3)
  A deep elf demonologist (Elf:3)
  4 vampire knights
  2 deep elf annihilators (Elf:3)
  Nessos (Lair:4)
  A minotaur (Gauntlet)
  A spark wasp (Spider:4)
  10 deep elf death magi
  5 eidola
  An ettin (Vaults:4)
  The ghost of Uduj the Geomancer, a journeyman GrEE of Vehumet (D:14)
  Erolcha (D:10)
  2 crystal guardians
  A deep elf high priest (Elf:3)
  4 yaktaur captains
  2 great orbs of eyes (D:15)
  5 fire dragons
  A quicksilver dragon zombie (Crypt:1)
  A jiangshi (Crypt:3)
  3 rakshasas
  3 ice dragons
  3 catoblepae (Lair:6)
  A ghost crab (Swamp:3)
  29 hydras
  2 shambling mangroves
  5 death knights
  9 alligators
  Erica (D:8)
  28 dancing weapons
  A deep troll shaman (Vaults:2)
  16 centaur warriors
  15 death yaks
  17 two-headed ogres
  6 vampire magi
  7 ogre magi
  8 tengu warriors
  A soul eater (Crypt:1)
  A sun demon (Volcano)
  20 deep elf knights
  Urug (Lair:4)
  Nergalle (Orc:1)
  2 orc high priests
  29 skeletal warriors
  8 flayed ghosts
  4 titan skeletons (Crypt:3)
  3 shadow wraiths
  An unseen horror (shapeshifter) (Elf:1)
  A spriggan druid (Swamp:2)
  10 swamp dragons
  An anaconda zombie (Crypt:2)
  A storm dragon skeleton (Crypt:3)
  2 wizards
  7 unseen horrors
  5 deep elf archers
  2 glowing orange brains
  3 deep trolls (Vaults:2)
  A golden dragon skeleton (Crypt:3)
  A ghost moth zombie (Crypt:2)
  9 phantasmal warriors
  A harpy (shapeshifter) (Vaults:4)
  6 ironbrand convokers
  2 anaconda skeletons
  A shadow dragon skeleton (Crypt:3)
  4 necromancers
  A frost giant zombie (Crypt:1)
  53 deep elf magi
  A wolf spider zombie (D:15)
  18 orb spiders
  17 orc knights
  6 ugly things
  A fire giant zombie (Crypt:3)
  A sphinx zombie (Vaults:4)
  33 wolf spiders
  6 manticores
  3 orc sorcerers
  7 cyclopes
  7 black mambas
  2 dire elephant zombies
  2 human skeletons
  Joseph (D:8)
  3 fire giant skeletons (Crypt:3)
  4 iron dragon skeletons
  A black mamba (shapeshifter) (Vaults:3)
  A stone giant skeleton (Vaults:4)
  6 vault sentinels
  17 elephants
  17 spiny frogs
  A molten gargoyle (Volcano)
  Psyche (D:10)
  A frost giant skeleton (Crypt:3)
  3 gargoyles
  A torpor snail (Spider:2)
  6 rime drakes
  24 yaktaurs
  7 komodo dragons
  2 efreet
  2 kobold demonologists
  12 freezing wraiths
  A purple draconian zombie (Crypt:1)
  11 demonic crawlers
  A ghost moth simulacrum (Crypt:1)
  3 red devils (Volcano)
  A catoblepas skeleton (Crypt:3)
  A white draconian skeleton (Crypt:1)
  A hydra zombie (Crypt:1)
  9 meliai
  11 tyrant leeches
  13 hornets
  57 jumping spiders
  A meliai (shapeshifter) (Vaults:4)
  Grinder (D:3)
  4 bog bodies
  Prince Ribbit (D:6)
  A hippogriff (shapeshifter) (Vaults:1)
  6 trolls
  A meliai zombie (D:15)
  19 blink frogs
  20 hippogriffs
  27 slime creatures
  A centaur simulacrum (D:15)
  4 shadows
  An air elemental (Elf:1)
  120 redbacks
  28 tarantellas
  A stone giant simulacrum (Crypt:1)
  2 water elementals (Elf:2)
  An alligator skeleton (Crypt:2)
  5 wraiths
  10 wyverns
  63 yaks
  A vampire (D:15)
  A human (shapeshifter) (D:15)
  A spriggan (Swamp:2)
  2 fire elementals (Elf:2)
  6 hogs (Spider:1)
  7 basilisks
  A hungry ghost (D:10)
  A black mamba skeleton (Crypt:3)
  A golden eye (shapeshifter) (D:14)
  4 fire bats
  A steam dragon (shapeshifter) (D:15)
  27 vampire mosquitoes
  Grum (D:8)
  5 insubstantial wisps (Swamp:1)
  17 swamp worms
  A two-headed ogre zombie (Crypt:3)
  An orb spider zombie (Crypt:3)
  14 water moccasins
  6 wargs
  3 acid dragons
  3 hell hounds
  8 porcupines
  2 merfolk skeletons (Crypt:1)
  8 swamp drakes (Swamp:4)
  2 spiny frog skeletons (Crypt:3)
  3 black bears
  An eye of draining (D:13)
  45 orc warriors
  A dream sheep zombie (Crypt:2)
  A sky beast (D:10)
  4 boggarts
  6 necrophages
  27 ogres
  A manticore zombie (Crypt:1)
  5 wolves
  14 crocodiles
  4 phantoms
  A snapping turtle skeleton (Crypt:3)
  28 centaurs
  8 big kobolds
  A cyclops zombie (Crypt:1)
  An earth elemental (Elf:1)
  19 bullfrogs
  A wyvern skeleton (Crypt:1)
  4 scorpions
  A water moccasin skeleton (Crypt:1)
  4 killer bees (D:12)
  A spriggan zombie (Crypt:3)
  43 wights
  6 electric eels
  4 howler monkeys
  7 lava snakes
  5 crimson imps
  A bullfrog zombie (D:12)
  A wolf skeleton (Crypt:1)
  5 centaur zombies
  3 bullfrog skeletons
  6 hounds
  4 jellies
  Crazy Yiuf (D:4)
  7 centaur skeletons
  19 orc priests
  9 iguanas
  22 orc wizards
  A worker ant (shapeshifter) (D:15)
  11 worker ants
  A sky beast zombie (Crypt:2)
  A dwarf zombie (Crypt:2)
  A tengu zombie (Crypt:3)
  A naga skeleton (Crypt:3)
  An acid dragon skeleton (Crypt:3)
  An ogre skeleton (Crypt:3)
  2 hound skeletons
  2 worker ant zombies
  A gnoll (D:4)
  18 adders
  A howler monkey skeleton (D:11)
  3 river rats
  3 shadow imps
  3 oozes (Sewer)
  3 adder skeletons
  8 worms
  3 dart slugs
  3 leopard geckos
  81 orcs
  7 bats
  8 giant cockroaches
  12 hobgoblins
  10 jackals
  4 quokkas
  A river rat zombie (Crypt:3)
  4 ball pythons
  8 frilled lizards
  A frilled lizard zombie (Crypt:3)
  3 goblins
  25 kobolds
  A leopard gecko skeleton (D:7)
  A leopard gecko zombie (Crypt:2)
  11 rats
  A rat skeleton (Crypt:2)
  2 fungi
1801 creatures vanquished.

Vanquished Creatures (collateral kills)
  An ancient lich (Crypt:3)
  A deep elf blademaster (Elf:2)
  A lich (Crypt:2)
  2 ghost moths (Spider:4)
  A vampire knight (Crypt:2)
  An ogre mage (Vaults:3)
  2 dancing weapons (Elf:2)
  A deep elf knight (Elf:2)
  A phantasmal warrior (Crypt:1)
  An orc knight (Vaults:3)
  An orc sorcerer (Vaults:3)
  5 deep elf magi (Elf:2)
  2 hornets (Spider:4)
  A hippogriff (Lair:4)
  An orc warrior (Vaults:3)
  2 ogres (Vaults:3)
  An orc priest (Vaults:3)
  2 orcs (Vaults:3)
27 creatures vanquished.

Vanquished Creatures (others)
  3 eldritch tentacles
  A shadow wraith (Vaults:4)
  An unseen horror (shapeshifter) (Vaults:2)
  A boggart (Vaults:3)
  A kobold (D:13)
  A bush (Lair:6)
  7 fungi
  10 plants (Lair:6)
  5 withered plants
30 creatures vanquished.

Grand Total: 1858 creatures vanquished

Notes
Turn   | Place    | Note
-------+----------+-------------------------------------------
     0 | D:1      | Reached skill level 10 in Fighting
     0 | D:1      | MrRokkomies the Gnoll Wanderer began the quest for the Orb.
     0 | D:1      | MrRokkomies set off with the following items: a +2 dagger,
                  | 4 curare-tipped darts, a +0 ring mail, a +0 short sword, a
                  | ration
     0 | D:1      | Reached XP level 1. HP: 28/28 MP: 2/2
   129 | D:1      | Reached XP level 2. HP: 29/36 MP: 3/3
   908 | D:2      | Reached XP level 3. HP: 32/42 MP: 4/4
  1040 | D:2      | Reached skill level 1 in Invocations
  1235 | D:2      | Reached skill level 1 in Long Blades
  1235 | D:2      | Reached skill level 1 in Axes
  1235 | D:2      | Reached skill level 1 in Maces & Flails
  1235 | D:2      | Reached skill level 1 in Polearms
  1235 | D:2      | Reached skill level 1 in Staves
  1235 | D:2      | Reached skill level 1 in Slings
  1235 | D:2      | Reached skill level 1 in Bows
  1235 | D:2      | Reached skill level 1 in Crossbows
  1235 | D:2      | Reached skill level 1 in Armour
  1235 | D:2      | Reached skill level 1 in Dodging
  1235 | D:2      | Reached skill level 1 in Shields
  1235 | D:2      | Reached skill level 1 in Unarmed Combat
  1235 | D:2      | Reached skill level 1 in Spellcasting
  1300 | D:2      | Reached XP level 4. HP: 42/48 MP: 6/6
  2120 | D:3      | Noticed Grinder
  2134 | D:3      | Paralysed by Grinder for 4 turns
  2147 | D:3      | Killed Grinder
  2147 | D:3      | Reached skill level 1 in Conjurations
  2147 | D:3      | Reached skill level 1 in Hexes
  2147 | D:3      | Reached skill level 1 in Charms
  2147 | D:3      | Reached skill level 1 in Summonings
  2147 | D:3      | Reached skill level 1 in Necromancy
  2147 | D:3      | Reached skill level 1 in Translocations
  2147 | D:3      | Reached skill level 1 in Transmutations
  2147 | D:3      | Reached skill level 1 in Fire Magic
  2147 | D:3      | Reached skill level 1 in Ice Magic
  2147 | D:3      | Reached skill level 1 in Air Magic
  2147 | D:3      | Reached skill level 1 in Earth Magic
  2147 | D:3      | Reached skill level 1 in Poison Magic
  2147 | D:3      | Reached XP level 5. HP: 54/54 MP: 7/7
  2147 | D:3      | Reached XP level 6. HP: 61/61 MP: 8/8
  2248 | D:3      | Reached skill level 5 in Short Blades
  2802 | D:4      | Found a runed translucent door.
  2803 | D:4      | Noticed Crazy Yiuf
  2976 | D:4      | Noticed a phantom
  3060 | D:4      | Reached XP level 7. HP: 22/67 MP: 10/10
  3493 | D:4      | Killed Crazy Yiuf
  3530 | D:5      | Entered Level 5 of the Dungeon
  3957 | D:5      | Found a staircase to the Ecumenical Temple.
  3967 | Temple   | Entered the Ecumenical Temple
  4048 | Temple   | Became a worshipper of Sif Muna the Loreminder
  4183 | D:5      | Reached XP level 8. HP: 55/74 MP: 12/12
  4509 | D:5      | Found Gucve's Jewellery Boutique.
  4515 | D:5      | Bought an uncursed ring of poison resistance for 220 gold
                  | pieces
  4743 | D:6      | Learned a level 2 spell: Poisonous Vapours
  4746 | D:6      | Learned a level 2 spell: Sticks to Snakes
  4751 | D:6      | Learned a level 4 spell: Olgreb's Toxic Radiance
  4755 | D:6      | Learned a level 3 spell: Ignite Poison
  4789 | D:6      | Noticed Prince Ribbit
  4797 | D:6      | Found Coejem's Distillery.
  4829 | D:6      | Killed Prince Ribbit
  5002 | D:6      | Found a glowing drain.
  5007 | Sewer    | Entered a sewer
  5200 | Sewer    | Reached * piety under Sif Muna
  5462 | Sewer    | Reached XP level 9. HP: 79/79 MP: 14/14
  5622 | Sewer    | Reached skill level 11 in Fighting
  5875 | D:6      | Found Yddof's Book Shoppe.
  6075 | D:6      | Found Paaga's Antique Weapon Shop.
  6622 | D:7      | Reached ** piety under Sif Muna
  6623 | D:7      | Reached skill level 5 in Throwing
  6623 | D:7      | Reached skill level 5 in Evocations
  6651 | D:7      | Reached skill level 5 in Stealth
  6843 | D:7      | Found a stormy altar of Qazlal.
  7341 | D:7      | Got a flickering platinum amulet
  7342 | D:7      | Identified the amulet "Abyrph" {Inacc +Fly rF+ Dex-4} (You
                  | found it on level 7 of the Dungeon)
  7505 | D:7      | Reached skill level 5 in Invocations
  7749 | D:8      | Found a hide-covered altar of Uskayaw.
  7753 | D:8      | Found an ornate altar of the Wu Jian Council.
  7753 | D:8      | Noticed Erica
  7754 | D:8      | Found a burning altar of Makhleb.
  7768 | D:8      | Killed Erica
  7768 | D:8      | Reached XP level 10. HP: 67/88 MP: 5/17
  7849 | D:8      | Noticed a two-headed ogre
  7889 | D:8      | Killed a two-headed ogre
  7889 | D:8      | Reached skill level 5 in Long Blades
  7889 | D:8      | Reached skill level 5 in Axes
  7889 | D:8      | Reached skill level 5 in Maces & Flails
  7889 | D:8      | Reached skill level 5 in Polearms
  7889 | D:8      | Reached skill level 5 in Staves
  7889 | D:8      | Reached skill level 5 in Slings
  7889 | D:8      | Reached skill level 5 in Bows
  7889 | D:8      | Reached skill level 5 in Crossbows
  7889 | D:8      | Reached skill level 5 in Armour
  7889 | D:8      | Reached skill level 5 in Dodging
  7889 | D:8      | Reached skill level 5 in Shields
  7889 | D:8      | Reached skill level 5 in Unarmed Combat
  7889 | D:8      | Reached skill level 5 in Spellcasting
  8039 | D:8      | Found Eshrizupu's Antique Weapon Shoppe.
  8047 | D:8      | Bought a smoking rapier for 225 gold pieces
  8047 | D:8      | Identified the cursed +1 rapier of MrRokkomies's Peril
                  | {protect, rN+} (You bought it in a shop on level 8 of the
                  | Dungeon)
  8061 | D:8      | Got a polished rapier
  8069 | D:8      | Noticed Joseph
  8109 | D:8      | Killed Joseph
  8357 | D:8      | Noticed Grum
  8393 | D:8      | Killed Grum
  8884 | D:8      | Found a glowing silver altar of Zin.
  8973 | D:9      | Learned a level 2 spell: Blink
  9115 | D:9      | Reached *** piety under Sif Muna
  9404 | D:9      | Got a distressingly furry chain mail
  9429 | D:9      | Noticed a death yak
  9505 | D:9      | Found a staircase to the Orcish Mines.
  9718 | D:9      | Noticed a death yak
  9766 | Orc:1    | Entered Level 1 of the Orcish Mines
  9766 | Orc:1    | Found Tuzealoh's Jewellery Emporium.
  9766 | Orc:1    | Noticed an orc knight
  9771 | Orc:1    | Reached XP level 11. HP: 82/95 MP: 7/19
  9771 | Orc:1    | Killed an orc knight
  9772 | Orc:1    | Noticed a cyclops
  9772 | Orc:1    | Noticed an orc high priest
  9851 | Orc:1    | Reached **** piety under Sif Muna
  9851 | Orc:1    | Killed an orc high priest
  9851 | Orc:1    | Reached skill level 5 in Conjurations
  9851 | Orc:1    | Reached skill level 5 in Hexes
  9851 | Orc:1    | Reached skill level 5 in Charms
  9851 | Orc:1    | Reached skill level 5 in Summonings
  9851 | Orc:1    | Reached skill level 5 in Necromancy
  9851 | Orc:1    | Reached skill level 5 in Translocations
  9851 | Orc:1    | Reached skill level 5 in Transmutations
  9851 | Orc:1    | Reached skill level 5 in Fire Magic
  9851 | Orc:1    | Reached skill level 5 in Ice Magic
  9851 | Orc:1    | Reached skill level 5 in Air Magic
  9851 | Orc:1    | Reached skill level 5 in Earth Magic
  9851 | Orc:1    | Reached skill level 5 in Poison Magic
  9851 | Orc:1    | Killed a cyclops
 10178 | Orc:1    | Noticed an orc sorcerer
 10181 | Orc:1    | Noticed Nergalle
 10182 | Orc:1    | Killed an orc sorcerer
 10189 | Orc:1    | Killed Nergalle
 10711 | D:6      | Bought a runed lajatang for 414 gold pieces
 10806 | Orc:2    | Entered Level 2 of the Orcish Mines
 11013 | D:9      | Killed a death yak
 11013 | D:9      | Reached skill level 12 in Fighting
 11086 | D:9      | Found a staircase to the Lair.
 11102 | D:9      | Noticed a death yak
 11153 | D:9      | Killed a death yak
 11172 | D:9      | Killed a death yak
 11176 | D:9      | Reached XP level 12. HP: 34/102 MP: 5/22
 11492 | Lair:1   | Entered Level 1 of the Lair of Beasts
 11768 | Lair:1   | Found a glowing golden altar of the Shining One.
 12078 | Lair:1   | Identified the +4 chain mail of Greed {rPois} (You found it
                  | on level 9 of the Dungeon)
 12646 | Lair:1   | Noticed a four-headed hydra
 12652 | Lair:1   | Killed a four-headed hydra
 12787 | Lair:1   | Got a pair of ancient gloves
 12793 | Lair:1   | Identified the +0 pair of gloves of the Moon {rN++ MR-
                  | rCorr} (You found it on level 1 of the Lair of Beasts)
 13178 | Lair:2   | Noticed dvd2's ghost (journeyman TrCK)
 13212 | Lair:2   | Noticed a seven-headed hydra
 13220 | Lair:2   | Killed a seven-headed hydra
 13247 | Lair:2   | Found a runed translucent gate.
 13247 | Lair:2   | Found a runed translucent gate.
 13247 | Lair:2   | Found a runed translucent gate.
 13281 | Lair:2   | Noticed a death yak
 13289 | Lair:2   | Noticed a death yak
 13304 | Lair:2   | Killed a death yak
 13317 | Lair:2   | Killed a death yak
 13317 | Lair:2   | Reached ***** piety under Sif Muna
 13429 | Lair:2   | Noticed a death yak
 13434 | Lair:2   | Noticed a death yak
 13436 | Lair:2   | Noticed a death yak
 13440 | Lair:2   | Received a gift from Sif Muna
 13441 | Lair:2   | Noticed a death yak
 13445 | Lair:2   | Killed a death yak
 13446 | Lair:2   | Killed a death yak
 13446 | Lair:2   | Reached XP level 13. HP: 80/109 MP: 7/24
 14911 | Lair:3   | Found a dark tunnel.
 14941 | Volcano  | Entered a volcano
 15478 | Volcano  | Found a burning altar of Makhleb.
 16111 | Lair:3   | Found a staircase to the Swamp.
 16802 | Lair:3   | Got an encrusted ring mail
 16813 | Lair:3   | Identified the +1 ring mail "Amidaotreh" {rElec MR+ Int+2}
                  | (You found it on level 3 of the Lair of Beasts)
 16991 | Lair:4   | Noticed Urug
 17005 | Lair:4   | Killed Urug
 17484 | Lair:4   | Found a hole to the Spider Nest.
 17496 | Lair:4   | Reached skill level 13 in Fighting
 17609 | Lair:4   | Noticed Nessos
 17846 | Lair:4   | Killed Nessos
 18618 | Lair:5   | Reached XP level 14. HP: 75/118 MP: 11/26
 19097 | Lair:5   | Received a gift from Sif Muna
 19714 | Lair:5   | Reached skill level 10 in Short Blades
 19851 | Lair:6   | Entered Level 6 of the Lair of Beasts
 19851 | Lair:6   | Found a transporter.
 20005 | Lair:6   | Found a staircase to the Slime Pits.
 20006 | Lair:6   | Found a viscous altar of Jiyva.
 20815 | Lair:6   | Reached skill level 10 in Invocations
 21780 | Lair:6   | Identified the +5 broad axe of the Queen {antimagic, Int+6}
 21787 | Lair:6   | Found a transporter.
 21788 | Lair:6   | Identified the +10 spear of Vailium {holy, +Blink rC- rN+}
 21788 | Lair:6   | Noticed Culupred's ghost (journeyman DrTm)
 21791 | Lair:6   | Found a bloodstained altar of Trog.
 22461 | D:9      | Upgraded the game from 0.25-a0-289-g406d6369f5 to
                  | 0.25-a0-290-g4a1327ee3a
 22704 | Orc:2    | HP: 3/118 [orc knight/cursed -1 halberd (34)]
 22723 | Orc:2    | Found a roughly hewn altar of Beogh.
 22725 | Orc:2    | Identified Xuudgh's Disquisition on the Rocks (Sif Muna
                  | gifted it to you on level 2 of the Orcish Mines)
 22725 | Orc:2    | Received a gift from Sif Muna
 23267 | Orc:1    | Learned a level 3 spell: Regeneration
 23279 | Orc:2    | Reached XP level 15. HP: 108/124 MP: 28/28
 23682 | Orc:2    | Found a staircase to the Elven Halls.
 23726 | Orc:2    | Reached skill level 10 in Throwing
 23726 | Orc:2    | Reached skill level 10 in Evocations
 23771 | Orc:2    | Found Cuiqiamn's Food Shop.
 23771 | Orc:2    | Found Ryev's Distillery.
 23826 | Orc:2    | Found Gufuc's General Store.
 23826 | Orc:2    | Found Oruve's Food Shoppe.
 24057 | D:5      | Bought a +6 ring of evasion for 858 gold pieces
 24181 | D:10     | Entered Level 10 of the Dungeon
 24181 | D:10     | Noticed Erolcha
 24183 | D:10     | Killed Erolcha
 24187 | D:10     | Got a polished scimitar
 24250 | D:10     | Noticed Psyche
 24260 | D:10     | Killed Psyche
 24320 | D:10     | Got a ripped robe
 24343 | D:10     | Reached skill level 10 in Stealth
 24378 | D:10     | You fall into a shaft and drop 3 floors!
 24410 | D:13     | Found a gate leading to a gauntlet.
 24419 | Gauntlet | Entered a Gauntlet
 24419 | Gauntlet | Found a transporter.
 24419 | Gauntlet | Found a transporter.
 24427 | Gauntlet | Found a transporter.
 24431 | Gauntlet | Found a transporter.
 24442 | Gauntlet | Found a transporter.
 24443 | Gauntlet | Found a transporter.
 24451 | Gauntlet | Found a transporter.
 24464 | Gauntlet | Found a transporter.
 24473 | Gauntlet | Found a transporter.
 24493 | Gauntlet | Found a transporter.
 24504 | Gauntlet | Found a transporter.
 24505 | Gauntlet | Found a transporter.
 25946 | D:13     | Found Qubaiqutz's Antique Weapon Boutique.
 26098 | D:13     | Identified Sif Muna's Reference Book on the Flying
                  | Entourage (Sif Muna gifted it to you on level 13 of the
                  | Dungeon)
 26098 | D:13     | Received a gift from Sif Muna
 26257 | D:13     | Identified the cursed +0 robe of Ennui {rElec Str+3 Stlth+}
                  | (You found it on level 10 of the Dungeon)
 26257 | D:13     | Identified the +5 scimitar of Putrescence {vamp, rPois rN+
                  | Int+2} (You found it on level 10 of the Dungeon)
 26258 | D:13     | Identified the +7 rapier "Mokunat" {freeze, Int+2} (You
                  | found it on level 8 of the Dungeon)
 26380 | D:13     | Reached skill level 10 in Long Blades
 26380 | D:13     | Reached skill level 10 in Axes
 26380 | D:13     | Reached skill level 10 in Maces & Flails
 26380 | D:13     | Reached skill level 10 in Polearms
 26380 | D:13     | Reached skill level 10 in Staves
 26380 | D:13     | Reached skill level 10 in Slings
 26380 | D:13     | Reached skill level 10 in Bows
 26380 | D:13     | Reached skill level 10 in Crossbows
 26380 | D:13     | Reached skill level 10 in Armour
 26380 | D:13     | Reached skill level 10 in Dodging
 26380 | D:13     | Reached skill level 10 in Shields
 26380 | D:13     | Reached skill level 10 in Unarmed Combat
 26380 | D:13     | Reached skill level 10 in Spellcasting
 26583 | D:13     | Learned a level 5 spell: Borgnjor's Vile Clutch
 26588 | D:13     | Learned a level 4 spell: Airstrike
 26594 | D:13     | Learned a level 5 spell: Bolt of Magma
 29995 | D:10     | Reached skill level 14 in Fighting
 30393 | D:10     | Reached XP level 16. HP: 133/133 MP: 30/30
 30751 | D:14     | Noticed Louise
 30770 | D:14     | Killed Louise
 31010 | D:14     | Identified Sif Muna's Papyrus of Dark Confrontation (Sif
                  | Muna gifted it to you on level 14 of the Dungeon)
 31010 | D:14     | Received a gift from Sif Muna
 31083 | D:14     | Found a runed translucent door.
 31083 | D:14     | Noticed Uduj's ghost (journeyman GrEE)
 31996 | D:14     | Found a gate to the Vaults.
 32257 | D:14     | Killed Uduj's ghost
 32294 | D:15     | Entered Level 15 of the Dungeon
 32560 | D:15     | Received a gift from Sif Muna
 32667 | D:15     | Found a sacrificial altar of Ru.
 32667 | D:15     | Found a sacrificial altar of Ru.
 32668 | D:15     | Found a sacrificial altar of Ru.
 34027 | D:15     | Noticed Rupert
 34073 | D:15     | Killed Rupert
 34145 | D:15     | Found a staircase to the Depths.
 34300 | D:15     | Reached XP level 17. HP: 49/140 MP: 1/32
 34577 | D:15     | Noticed a sphinx
 34580 | D:15     | Paralysed by a sphinx for 3 turns
 34592 | D:15     | Killed a sphinx
 35245 | D:15     | Noticed a sphinx
 35256 | D:15     | Identified the +0 shortbow of Righteous Fury {velocity,
                  | +Blink rF+ Int-5 SInv}
 35268 | D:15     | Killed a sphinx
 35349 | D:15     | Noticed a sphinx
 35359 | D:15     | Paralysed by a sphinx for 2 turns
 35361 | D:15     | Killed a sphinx
 35524 | D:15     | Identified the +3 chain mail of Lapeng {rElec rPois rN+
                  | rCorr Int+3} (You found it on level 15 of the Dungeon)
 35675 | D:15     | Learned a level 5 spell: Summon Mana Viper
 36316 | Swamp:1  | Entered Level 1 of the Swamp
 36362 | Swamp:1  | Identified Sif Muna's Grimoire of the Congealing Entourage
                  | (Sif Muna gifted it to you on level 1 of the Swamp)
 36362 | Swamp:1  | Received a gift from Sif Muna
 39782 | Swamp:3  | Identified Sif Muna's Tome of Transformation (Sif Muna
                  | gifted it to you on level 3 of the Swamp)
 39782 | Swamp:3  | Received a gift from Sif Muna
 40102 | Swamp:4  | Entered Level 4 of the Swamp
 40467 | Swamp:4  | Reached skill level 10 in Conjurations
 40467 | Swamp:4  | Reached skill level 10 in Hexes
 40467 | Swamp:4  | Reached skill level 10 in Charms
 40467 | Swamp:4  | Reached skill level 10 in Summonings
 40467 | Swamp:4  | Reached skill level 10 in Necromancy
 40467 | Swamp:4  | Reached skill level 10 in Translocations
 40467 | Swamp:4  | Reached skill level 10 in Transmutations
 40467 | Swamp:4  | Reached skill level 10 in Fire Magic
 40467 | Swamp:4  | Reached skill level 10 in Ice Magic
 40467 | Swamp:4  | Reached skill level 10 in Air Magic
 40467 | Swamp:4  | Reached skill level 10 in Earth Magic
 40467 | Swamp:4  | Reached skill level 10 in Poison Magic
 40894 | Swamp:4  | Reached XP level 18. HP: 148/148 MP: 33/33
 41046 | Swamp:4  | Noticed the 27-headed Lernaean hydra
 41073 | Swamp:4  | Killed the 27-headed Lernaean hydra
 41073 | Swamp:4  | Reached skill level 15 in Fighting
 41365 | Swamp:4  | Identified Vehumet's Catalogue of Confrontation
 41876 | Swamp:4  | Got a decaying rune of Zot
 42289 | Spider:1 | Entered Level 1 of the Spider Nest
 42289 | Spider:1 | Noticed Kirke
 42302 | Lair:4   | Killed Kirke
 42333 | Spider:1 | Identified Ziateps's Reference Book on Captivating Changing
                  | (Sif Muna gifted it to you on level 1 of the Spider Nest)
 42333 | Spider:1 | Received a gift from Sif Muna
 42409 | Spider:1 | Learned a level 1 spell: Confusing Touch
 42412 | Spider:1 | Learned a level 2 spell: Passwall
 42582 | Spider:1 | HP: 4/149 [demonic crawler (7)]
 43069 | Spider:1 | Identified Sif Muna's Grimoire of Orientation and Creation
                  | (Sif Muna gifted it to you on level 1 of the Spider Nest)
 43069 | Spider:1 | Received a gift from Sif Muna
 44510 | Spider:3 | Reached XP level 19. HP: 135/155 MP: 35/35
 44550 | Spider:3 | Received a gift from Sif Muna
 45636 | Spider:4 | Entered Level 4 of the Spider Nest
 46010 | Spider:4 | Received a gift from Sif Muna
 46563 | Spider:4 | Got a gossamer rune of Zot
 47941 | Vaults:1 | Entered Level 1 of the Vaults
 48046 | Vaults:1 | Found a runed translucent gate.
 48046 | Vaults:1 | Found a runed translucent gate.
 48046 | Vaults:1 | Found a runed translucent gate.
 48640 | Vaults:1 | Identified Sif Muna's Almanac of Helpful Changing (Sif Muna
                  | gifted it to you on level 1 of the Vaults)
 48640 | Vaults:1 | Received a gift from Sif Muna
 49279 | Vaults:1 | Noticed Owio's ghost (adept MiGl)
 49279 | Vaults:1 | Noticed Zaor's ghost (adept GnSk)
 49529 | Vaults:2 | Reached XP level 20. HP: 152/164 MP: 36/36
 49672 | Vaults:2 | Found a staircase to the Crypt.
 51023 | Vaults:3 | Identified Sif Muna's Grimoire of the Feathery Glacier (Sif
                  | Muna gifted it to you on level 3 of the Vaults)
 51023 | Vaults:3 | Received a gift from Sif Muna
 51023 | Vaults:3 | Reached skill level 16 in Fighting
 51119 | Vaults:3 | Identified the +4 dire flail "Uphamum" {crush, rF+ Dex+2}
                  | (You found it on level 3 of the Vaults)
 51410 | Vaults:3 | Noticed Mennas
 51623 | Vaults:3 | Killed Mennas
 52162 | Vaults:3 | Noticed Sojobo
 52330 | Vaults:3 | Noticed Nikola
 52351 | Vaults:3 | Killed Nikola
 52419 | Vaults:3 | Killed Sojobo
 53165 | Vaults:3 | Found a large runed translucent door.
 53166 | Vaults:3 | Found a large runed translucent door.
 53166 | Vaults:3 | Noticed Faustar's ghost (adept DrCj)
 53167 | Vaults:3 | Found a large runed translucent door.
 53167 | Vaults:3 | Found a large runed translucent door.
 53167 | Vaults:3 | Found a large runed translucent door.
 53167 | Vaults:3 | Found a large runed translucent door.
 53168 | Vaults:3 | Found a large runed translucent door.
 53168 | Vaults:3 | Found a large runed translucent door.
 53636 | Vaults:4 | Reached XP level 21. HP: 136/171 MP: 38/38
 55086 | Lair:2   | Learned a level 5 spell: Dispel Undead
 55334 | Crypt:1  | Entered Level 1 of the Crypt
 55370 | Crypt:1  | Paralysed by a vampire knight for 2 turns
 55891 | Crypt:1  | Paralysed by a vampire knight for 2 turns
 56005 | Crypt:1  | Identified the +8 plate armour of the Dropbear {-Tele rF+
                  | rCorr} (You found it on level 1 of the Crypt)
 56638 | Crypt:1  | Identified Sif Muna's Sophisticated Wizardry (Sif Muna
                  | gifted it to you on level 1 of the Crypt)
 56638 | Crypt:1  | Received a gift from Sif Muna
 56910 | Crypt:2  | Reached skill level 15 in Invocations
 57898 | Crypt:3  | Entered Level 3 of the Crypt
 58298 | Crypt:3  | Found the +0 Maxwell's etheric cage {RegenMP+ *Contam rElec
                  | MP+4}
 58354 | Crypt:3  | Identified the cursed +1 dagger of Entrepreneurial Spirit
                  | {venom, rN+}
 58431 | Crypt:3  | Found a staircase to the Tomb.
 58479 | Crypt:3  | HP: 3/172 [flying skull[a curse skull] (8)]
 58681 | Crypt:3  | Reached XP level 22. HP: 159/180 MP: 40/40
 58999 | Crypt:3  | Identified Sif Muna's Incunabulum of Dusty Envenoming (Sif
                  | Muna gifted it to you on level 3 of the Crypt)
 58999 | Crypt:3  | Received a gift from Sif Muna
 60026 | Crypt:3  | Noticed an ancient lich
 60026 | Crypt:3  | Paralysed by an ancient lich for 6 turns
 60037 | Crypt:3  | Killed an ancient lich
 60540 | Crypt:3  | Reached skill level 17 in Fighting
 60540 | Crypt:3  | Reached skill level 15 in Short Blades
 60602 | Crypt:3  | Got a bound iron ring
 60602 | Crypt:3  | Got a scintillating bronze ring
 60609 | Crypt:3  | Identified the ring of Lucidity {rElec rN+ MR- Str+8} (You
                  | found it on level 3 of the Crypt)
 60611 | Crypt:3  | Identified the ring of Neqohere {rN+ Int+2} (You found it
                  | on level 3 of the Crypt)
 60737 | Crypt:3  | Identified the Catalogue of Creative Clay
 61327 | Elf:1    | Entered Level 1 of the Elven Halls
 61550 | Elf:1    | Identified Fypho's Handbook of Transformation and
                  | Malediction (Sif Muna gifted it to you on level 1 of the
                  | Elven Halls)
 61550 | Elf:1    | Received a gift from Sif Muna
 62922 | Elf:2    | Found a huge runed translucent gate.
 62922 | Elf:2    | Found a huge runed translucent gate.
 62927 | Elf:2    | Found a huge runed translucent gate.
 62928 | Elf:2    | Found a huge runed translucent gate.
 62982 | Elf:2    | Found a huge runed translucent gate.
 63158 | Elf:2    | Reached XP level 23. HP: 188/188 MP: 41/41
 63231 | Elf:2    | Upgraded the game from 0.25-a0-290-g4a1327ee3a to
                  | 0.25-a0-292-gaa31f046c4
 63642 | Elf:3    | Entered Level 3 of the Elven Halls
 63657 | Elf:3    | Identified Sif Muna's Compendium of Boosting Execration
                  | (Sif Muna gifted it to you on level 3 of the Elven Halls)
 63657 | Elf:3    | Received a gift from Sif Muna
 63727 | Elf:3    | Reached skill level 15 in Throwing
 63727 | Elf:3    | Reached skill level 15 in Evocations
 63760 | Elf:3    | Reached skill level 15 in Stealth
 63965 | Elf:3    | Identified the +4 rapier "Rodotzan" {drain, rPois Int+4
                  | Dex+4}
 63999 | Elf:3    | Slain by a deep elf blademaster

Levels and vault maps discovered:
D:1:      erik_arrival_cave_to_civilisation [erik_arrival_cave_to_temple],
          layout_basic
D:2:      layout_basic
D:3:      layout_basic, first_ration, mrwooster_statue_mirror, uniq_grinder
D:4:      minmay_opposing_rooms, layout_cave_pools, uniq_crazy_yiuf_cottage
D:5:      layout_loops_ring, minmay_temple_entry_statues_fountains,
          serial_shops, nicolae_shop_waterfront
D:6:      layout_basic, gup_sewer_entry_spiral, serial_shops,
          nicolae_shop_competitors_out_of_business, nicolae_shop_behind_doors,
          shop, st_stairs_12, uniq_prince_ribbit1
D:7:      layout_loops_cross, grunt_ogre_cave, moated_statue,
          grunt_qazlal_sundering
D:8:      layout_basic, minitemple, lemuel_coloured_pillars_altar, serial_shops,
          nicolae_shop_crystal, kennysheep_generic_room_11, uniq_joseph,
          uniq_grum, uniq_erica
D:9:      layout_roguey, dpeg_lair_monsters, orc_0_dummy, minmay_misc_feat_tower
D:10:     layout_loops_cross, kennysheep_crisscross, uniq_psyche, uniq_erolcha
D:11:     layout_loops_corners, minmay_misc_feat_hallway,
          minmay_mirror_moons_of_madness
D:12:     layout_roguey
D:13:     layout_layer_cave, gauntlet_entry_generic, serial_shops,
          shop_fountains, minmay_fractal_squares_gapless_7
D:14:     layout_roguey [special_room_mythical_zoo],
          hangedman_vaults_entry_quadrant_bands, gammafunk_ghost_grave,
          serial_park_square3 [serial_park_minivault_5x5_3], uniq_louise
D:15:     hangedman_slaughterboxes, uniq_rupert
Temple:   compressed_dpeg_circular_temple
Lair:1:   layout_regular_city, basic_altar, beast_lair_carwin_11
Lair:2:   statuecave_lemuel, layout_chaotic_city, gammafunk_ghost_icy,
          minivault_27
Lair:3:   layout_misc_corridors, swamp_mist, nicolae_volcano_entry_hallway,
          serial_bayou_pond_c, patterned_corridor
Lair:4:   layout_gridlike, nicolae_spider_entry_orb_guardian,
          serial_bayou_lagoon_b, grunt_megastairs_4,
          infiniplex_staircase_pool_2, uniq_urug, uniq_nessos
Lair:5:   layout_hall_layers
Lair:6:   evilmike_catoblepas_cave, layout_gridlike, slime_altar_1,
          gammafunk_ghost_wrathful_warriors, grunt_forest_stairs_basic,
          small_statue_intersection
Swamp:1:  layout_falls_marsh, hangedman_swamp_pad
Swamp:2:  layout_basic_swamp, hangedman_swamp_lotus, hangedman_swamp_blocks
Swamp:3:  layout_basic_swamp, serial_swamp_ruin, evilmike_swamp_ruin_house_3,
          evilmike_swamp_ruin_house_4, swamp_pool1
Swamp:4:  swamp_old_school, layout_basic_swamp
Spider:1: layout_spider_delve, drop_trap, uniq_kirke
Spider:2: layout_spider_delve
Spider:3: layout_spider_delve, spiders_nest_spider_trap
Spider:4: spider_rune_water, nicolae_spider_cling_ruins
Orc:1:    layout_caves, serial_shops, shop, uniq_nergalle
Orc:2:    st_orc_town, layout_diamond_mine
Elf:1:    layout_geoelf_grid, hangedman_elven_crosses_minicolossus
Elf:2:    layout_geoelf_diagonals, minivault_25
Elf:3:    grunt_elf_hall_asides, layout_loops_cross, gammafunk_ghost_grave,
          minmay_shop_grove
Vaults:1: gammafunk_vaults_ghost_cemetery, hangedman_vaults_corner_blocks,
          v_rooms_5, v_misc_8, nicolae_vaults_theta, v_misc_33,
          vaults_standard_mumra_x, v_misc_15, hangedman_vaults_locks,
          layout_vaults_ring
Vaults:2: nicolae_vaults_three_branches, minmay_crypt_entry_simple_corners,
          v_rooms_5, vaults_room_grid, nicolae_vaults_yaktaur_gun_rack,
          v_misc_1, nicolae_vaults_theta, vaults_dpeg_encased_lava,
          layout_vaults_omnigrid
Vaults:3: advil_vaults_ghost_lines, grunt_vaults_diagonal, v_misc_29,
          v_pattern_4, nicolae_vaults_network_star, nicolae_vaults_what_the_h,
          v_misc_8, nicolae_vaults_network_periphery, grunt_vaults_swirl,
          v_misc_14, nicolae_vaults_circle_grid_b, v_misc_22,
          layout_vaults_omnicross, uniq_mennas, uniq_nikola, uniq_sojobo
Vaults:4: ontoclasm_vaults_ring_small, vaults_mumra_lcd,
          vaults_room_ringed_pool, hangedman_vaults_restitches,
          grunt_vaults_hallway_short, v_misc_5, v_pattern_2,
          nicolae_vaults_twisting_passages, v_misc_25,
          layout_vaults_chaotic_city
Crypt:1:  layout_chaotic_city, minivault_25
Crypt:2:  layout_regular_city
Crypt:3:  due_elkab, layout_chaotic_city, nicolae_tomb_entry_rubble_hallway

Skill      XL: |  1  2  3  4  5  6  7  8  9 10 11 12 13 14 15 16 17 18 19 20 21 22 23 |
---------------+----------------------------------------------------------------------+-----
Fighting       | 11 12 13 14 15 16 17 | 17.3
Invocations    | 1 2 3 4 5 6 7 8 9 10 11 12 13 14 15 16 | 16.0
Long Blades    | 1 2 3 4 5 6 7 8 9 10 11 12 13 14 | 14.9
Axes           | 1 2 3 4 5 6 7 8 9 10 11 12 13 14 | 14.9
Maces & Flails | 1 2 3 4 5 6 7 8 9 10 11 12 13 14 | 14.9
Polearms       | 1 2 3 4 5 6 7 8 9 10 11 12 13 14 | 14.9
Staves         | 1 2 3 4 5 6 7 8 9 10 11 12 13 14 | 14.9
Slings         | 1 2 3 4 5 6 7 8 9 10 11 12 13 14 | 14.9
Bows           | 1 2 3 4 5 6 7 8 9 10 11 12 13 14 | 14.9
Crossbows      | 1 2 3 4 5 6 7 8 9 10 11 12 13 14 | 14.9
Armour         | 1 2 3 4 5 6 7 8 9 10 11 12 13 14 | 14.9
Dodging        | 1 2 3 4 5 6 7 8 9 10 11 12 13 14 | 14.9
Shields        | 1 2 3 4 5 6 7 8 9 10 11 12 13 14 | 14.9
Unarmed Combat | 1 2 3 4 5 6 7 8 9 10 11 12 13 14 | 14.9
Spellcasting   | 1 2 3 4 5 6 7 8 9 10 11 12 13 14 | 14.9
Throwing       | 3 4 5 6 7 8 9 10 11 12 13 14 15 | 15.0
Stealth        | 3 4 5 6 7 8 9 10 11 12 13 14 15 | 15.0
Conjurations   | 1 2 3 4 5 6 7 8 9 10 11 12 | 12.8
Hexes          | 1 2 3 4 5 6 7 8 9 10 11 12 | 12.8
Charms         | 1 2 3 4 5 6 7 8 9 10 11 12 | 12.8
Summonings     | 1 2 3 4 5 6 7 8 9 10 11 12 | 12.8
Necromancy     | 1 2 3 4 5 6 7 8 9 10 11 12 | 12.8
Translocations | 1 2 3 4 5 6 7 8 9 10 11 12 | 12.8
Transmutations | 1 2 3 4 5 6 7 8 9 10 11 12 | 12.8
Fire Magic     | 1 2 3 4 5 6 7 8 9 10 11 12 | 12.8
Ice Magic      | 1 2 3 4 5 6 7 8 9 10 11 12 | 12.8
Air Magic      | 1 2 3 4 5 6 7 8 9 10 11 12 | 12.8
Earth Magic    | 1 2 3 4 5 6 7 8 9 10 11 12 | 12.8
Poison Magic   | 1 2 3 4 5 6 7 8 9 10 11 12 | 12.8
Evocations     | 3 4 5 6 7 8 9 10 11 12 13 14 15 | 15.0
Short Blades   | 5 6 7 8 9 10 11 12 13 14 15 | 15.4

Action                   |  1- 3 |  4- 6 |  7- 9 | 10-12 | 13-15 | 16-18 | 19-21 | 22-24 || total
-------------------------+-------+-------+-------+-------+-------+-------+-------+-------++-------
Melee: Dagger            |   152 |   224 |   251 |       |       |       |       |       ||   627
       Bite              |    17 |    26 |    31 |    84 |   130 |   134 |   196 |    72 ||   690
       Rapier            |       |       |       |   545 |   469 |       |       |       ||  1014
       Scimitar          |       |       |       |     1 |       |    72 |       |       ||    73
       Lajatang          |       |       |       |       |   561 |   969 |  1477 |   523 ||  3530
       Punch             |       |       |       |       |       |     5 |       |       ||     5
 Fire: Hunting sling     |       |     7 |   300 |       |       |       |       |       ||   307
       Longbow           |       |       |       |       |   326 |    60 |   186 |   195 ||   767
       Shortbow          |       |       |       |       |       |   546 |    44 |       ||   590
Throw: Dart              |     3 |       |     6 |    15 |    30 |       |     3 |     2 ||    59
 Cast: Poisonous Vapours |       |       |    13 |    29 |    29 |    38 |    21 |       ||   130
       Ignite Poison     |       |       |     2 |    13 |    20 |    29 |    10 |     6 ||    80
       Olgreb's Toxic Ra |       |       |     1 |    20 |    35 |    38 |    30 |    12 ||   136
       Blink             |       |       |       |     7 |    20 |    23 |     7 |    10 ||    67
       Sticks to Snakes  |       |       |       |       |     2 |     9 |    11 |       ||    22
       Bolt of Magma     |       |       |       |       |     8 |    30 |    18 |     5 ||    61
       Airstrike         |       |       |       |       |     2 |    25 |    40 |     6 ||    73
       Regeneration      |       |       |       |       |     2 |    23 |    37 |    15 ||    77
       Borgnjor's Vile C |       |       |       |       |       |    10 |     3 |    17 ||    30
       Confusing Touch   |       |       |       |       |       |       |     3 |       ||     3
       Malign Gateway    |       |       |       |       |       |       |     3 |       ||     3
       Lehudib's Crystal |       |       |       |       |       |       |     1 |       ||     1
       Dispel Undead     |       |       |       |       |       |       |    17 |     8 ||    25
       Summon Mana Viper |       |       |       |       |       |       |     7 |     3 ||    10
       Chain Lightning   |       |       |       |       |       |       |     1 |       ||     1
       Dragon's Call     |       |       |       |       |       |       |       |     1 ||     1
Invok: Divine Exegesis   |       |       |       |       |       |       |     5 |     1 ||     6
       Channel Magic     |       |       |       |       |       |       |     2 |       ||     2
 Abil: Evoke Berserk Rag |       |     1 |       |       |       |       |       |       ||     1
Evoke: Wand              |       |       |     2 |     3 |    20 |     1 |     1 |       ||    27
       Lightning rod     |       |       |       |     3 |    12 |     3 |       |       ||    18
       Fan of gales      |       |       |       |       |     2 |     1 |     3 |       ||     6
       Sack of spiders   |       |       |       |       |       |       |     3 |       ||     3
       Box of beasts     |       |       |       |       |       |       |     1 |       ||     1
       Phantom mirror    |       |       |       |       |       |       |     1 |       ||     1
  Use: Scroll            |     2 |     3 |    12 |     5 |    27 |    18 |    12 |     3 ||    82
       Potion            |       |       |       |     3 |     8 |    10 |     8 |     1 ||    30
 Stab: Sleeping          |     2 |       |     2 |    12 |    21 |     6 |    10 |     6 ||    59
       Invisible         |       |       |       |       |     1 |       |       |       ||     1
       Distracted        |       |       |       |       |     3 |     2 |     3 |     1 ||     9
       Confused          |       |       |       |       |       |       |     4 |       ||     4
  Eat: Chunk             |     1 |     6 |    17 |    15 |    23 |    21 |    33 |     9 ||   125
       Ration            |       |       |       |     2 |    10 |    11 |     7 |     3 ||    33
Armor: Ring mail         |    48 |       |       |       |   272 |   127 |       |       ||   447
       Scale mail        |       |    70 |    35 |       |       |       |       |       ||   105
       Robe              |       |       |    29 |       |       |       |       |       ||    29
       Leather armour    |       |       |    24 |   163 |    72 |       |       |       ||   259
       Chain mail        |       |       |       |       |       |   428 |   748 |   237 ||  1413
Dodge: Dodged            |    53 |    85 |   177 |   334 |  1013 |  1535 |  1405 |   337 ||  4939
       Deflected         |       |       |       |       |    10 |    43 |    55 |    28 ||   136
Block: Buckler           |    11 |    35 |    66 |   107 |   122 |       |       |       ||   341
       Rpst.: Scimitar   |       |       |       |       |       |    18 |       |       ||    18

Table legend:
 A = Non-vault XP
 B = Vault XP
 C = Vault XP percentage of total XP
 D = Non-vault monster count
 E = Vault monster count
 F = Vault count percentage of total count
                 A         B        C        D         E       F
            +---------+---------+-------+---------+---------+-------
      Total |  404789 |  347940 |  46.2 |    1210 |     619 |  33.8
            +---------+---------+-------+---------+---------+-------
        D:1 |      19 |       4 |  17.4 |      13 |       2 |  13.3
        D:2 |      85 |       0 |   0.0 |      32 |       0 |   0.0
        D:3 |      89 |     290 |  76.5 |      21 |       1 |   4.5
        D:4 |     104 |     274 |  72.5 |      10 |       6 |  37.5
        D:5 |     621 |       0 |   0.0 |      13 |       0 |   0.0
        D:6 |     244 |     395 |  61.8 |       7 |      11 |  61.1
        D:7 |    1479 |     113 |   7.1 |      27 |       1 |   3.6
        D:8 |     439 |    2687 |  86.0 |       8 |       6 |  42.9
        D:9 |    1933 |    3634 |  65.3 |      28 |       8 |  22.2
       D:10 |    2424 |    1488 |  38.0 |      39 |       2 |   4.9
       D:11 |    3434 |     863 |  20.1 |      17 |       7 |  29.2
       D:12 |    8196 |       0 |   0.0 |      34 |       0 |   0.0
       D:13 |   15116 |    4013 |  21.0 |      55 |       7 |  11.3
       D:14 |    4302 |   18144 |  80.8 |      18 |      53 |  74.6
       D:15 |     206 |   54183 |  99.6 |       1 |      97 |  99.0
     Lair:1 |    7178 |     274 |   3.7 |      32 |       2 |   5.9
     Lair:2 |   11257 |       0 |   0.0 |      31 |       0 |   0.0
     Lair:3 |    6277 |       0 |   0.0 |      19 |       0 |   0.0
     Lair:4 |    3195 |    5256 |  62.2 |      18 |       6 |  25.0
     Lair:5 |    7003 |       0 |   0.0 |      19 |       0 |   0.0
     Lair:6 |   11756 |   11640 |  49.8 |      34 |      23 |  40.4
    Swamp:1 |   13984 |       0 |   0.0 |      29 |       0 |   0.0
    Swamp:2 |    5085 |       0 |   0.0 |      16 |       0 |   0.0
    Swamp:3 |    7591 |       0 |   0.0 |      22 |       0 |   0.0
    Swamp:4 |   11756 |   21183 |  64.3 |      33 |      25 |  43.1
   Spider:1 |   22414 |    1151 |   4.9 |      80 |       6 |   7.0
   Spider:2 |   23408 |       0 |   0.0 |      67 |       0 |   0.0
   Spider:3 |   14992 |    3073 |  17.0 |      40 |       8 |  16.7
   Spider:4 |   17904 |   16188 |  47.5 |      50 |      31 |  38.3
      Orc:1 |    4752 |    1079 |  18.5 |      45 |       3 |   6.2
      Orc:2 |     476 |    6420 |  93.1 |      15 |      47 |  75.8
      Elf:1 |   13672 |   10874 |  44.3 |      27 |      16 |  37.2
      Elf:2 |   19198 |   22656 |  54.1 |      29 |      34 |  54.0
      Elf:3 |    4359 |   22287 |  83.6 |       6 |      15 |  71.4
   Vaults:1 |   14186 |   12365 |  46.6 |      25 |      27 |  51.9
   Vaults:2 |   20246 |   14657 |  42.0 |      32 |      18 |  36.0
   Vaults:3 |   13518 |   44713 |  76.8 |      43 |      33 |  43.4
   Vaults:4 |   20444 |   11283 |  35.6 |      33 |      17 |  34.0
    Crypt:1 |   32876 |       0 |   0.0 |      57 |       0 |   0.0
    Crypt:2 |   24267 |       0 |   0.0 |      39 |       0 |   0.0
    Crypt:3 |   34304 |   49873 |  59.2 |      46 |      57 |  55.3
      Sewer |       0 |     441 | 100.0 |       0 |      28 | 100.0
    Volcano |       0 |    3548 | 100.0 |       0 |      14 | 100.0
   Gauntlet |       0 |    2891 | 100.0 |       0 |       8 | 100.0
            +---------+---------+-------+---------+---------+-------
